 Dungeon Crawl Stone Soup version 0.29.1 (webtiles) character file.

Game seed: 9994976886971951489

175190 qw the Warrior (level 18, -7/122 HPs)
             Began as a Gargoyle Fighter on Sept 13, 2022.
             Was an Elder of Okawaru.
             Mangled by a ten-headed hydra (9 damage)
             ... summoned by Bai Suzhen
             ... on level 3 of the Spider Nest.
             The game lasted 00:13:42 (30757 turns).

qw the Warrior (Gargoyle Fighter)                  Turns: 30757, Time: 00:13:42

Health: -7/122     AC: 46    Str: 27    XL:     18   Next: 9%
Magic:  25/25      EV: 14    Int: 10    God:    Okawaru [****..]
Gold:   793        SH: 19    Dex:  9    Spells: 17/17 levels left

rFire   + . .      SeeInvis +   Y - +7 war axe (venom)
rCold   . . .      Faith    .   D - +0 kite shield
rNeg    + . .      Spirit   .   h - +0 plate armour
rPois   inf        Reflect  +   p - +1 helmet
rElec   +          Harm     .   E - +1 cloak {rPois}
rCorr   .          Rampage  +   q - +2 pair of gloves
Will    ++...                   F - +2 pair of boots {rampage}
Stlth   ..........              f - amulet of reflection
HPRegen 0.30/turn               j - +4 ring of evasion
MPRegen 0.19/turn               e - ring "Osarepobb" {rPois rF+ Will+ Slay+6 SInv}

@: about to teleport, heroic, spiked, flying
A: sickness immunity, AC +13, big wings, negative energy resistance 1,
electricity resistance, torment resistance 1, petrification resistance
a: Renounce Religion, Heroism, Finesse


You were on level 3 of the Spider Nest.
You worshipped Okawaru.
Okawaru was greatly pleased with you.
You visited 6 branches of the dungeon, and saw 29 of its levels.

You collected 2953 gold pieces.
You spent 2160 gold pieces at shops.


Innate Abilities, Weirdness & Mutations

You are immune to sickness and miasma.
Your stone body is resilient. (AC +13)
You are immune to poison.
Your large and strong wings let you fly.
You resist negative energy. (rN+)
You are resistant to electric shocks. (rElec)
You are resistant to unholy torment.
You are immune to petrification.


   Skills:
 + Level 16.6(21.6) Fighting
 - Level 16.0(21.0) Axes
 - Level 7.0(12.0) Throwing
 - Level 16.0(21.0) Armour
 - Level 4.0(9.0) Dodging
 - Level 15.0(20.0) Shields
 - Level 10.0 Invocations


You had 17 spell levels left.
You didn't know any spells.
Your spell library was empty.

Inventory:

Hand Weapons
 Y - a +7 war axe of venom (weapon)
Missiles
 b - 6 boomerangs (quivered)
Armour
 h - a +0 plate armour (worn)
 p - a +1 helmet (worn)
 q - a +2 pair of gloves (worn)
 D - a +0 kite shield (worn)
 E - a +1 cloak of poison resistance (worn)
 F - a +2 pair of boots of rampaging (worn)
Jewellery
 c - the amulet "Jerao" {Faith rCorr}
   (You bought it in a shop on level 2 of the Orcish Mines)

   [amulet of faith]

   It allows you to gain divine favour quickly.
   rCorr:     It protects you from acid and corrosion.
 e - the ring "Osarepobb" (right hand) {rPois rF+ Will+ Slay+6 SInv}
   (You acquired it on level 1 of the Dungeon)

   [ring of willpower]

   Slay:      It affects your accuracy & damage with ranged weapons and melee
   (+6).
   rF:        It protects you from fire.
   rPois:     It protects you from poison.
   SInv:      It lets you see invisible.
   Will:      It increases your willpower.
 f - an amulet of reflection (around neck)
 j - a +4 ring of evasion (left hand)
 y - a ring of ice
 B - a ring of protection from cold
 C - the ring "Suviol" {rF+ rCorr Str-3 Dex+6}
   (You bought it in a shop on level 2 of the Orcish Mines)

   [ring of dexterity]

   Str:       It affects your strength (-3).
   Dex:       It affects your dexterity (+6).
   rF:        It protects you from fire.
   rCorr:     It protects you from acid and corrosion.
Scrolls
 a - a scroll of identify
 l - 11 scrolls of teleportation
 v - 6 scrolls of blinking
 w - 2 scrolls of fog
Potions
 d - 8 potions of might
 g - 5 potions of haste
 i - 4 potions of lignification
 k - 9 potions of curing
 m - 2 potions of magic
 n - 9 potions of attraction
 s - 2 potions of cancellation
 u - 4 potions of resistance
 x - 11 potions of heal wounds
 z - 3 potions of mutation

Dungeon Overview and Level Annotations

Branches:
Dungeon (15/15)            Temple (1/1) D:7            Lair (5/5) D:8
  Swamp (3/4) Lair:2       Spider (3/4) Lair:2        Slime (0/5) Lair:4
    Orc (2/2) D:12            Elf (0/3) Orc:2        Vaults (0/5) D:14
 Depths (0/4) D:15

Altars:
Ashenzari
Cheibriados
Dithmenos
Elyvilon
Fedhas
Gozag
Hepliaklqana
Kikubaaqudgha
Makhleb
Nemelex Xobeh
Okawaru
Qazlal
Ru
Sif Muna
Trog
Uskayaw
Vehumet
Wu Jian
Xom
Yredelemnul
Zin
The Shining One
Jiyva

Shops:
D:3 (   Orc:1 ?   Orc:2 =(?!

Annotations:
D:13 3 runed translucent doors, Buchaag's ghost, novice MiMo
Spider:3 Bai Suzhen


Message History

The ten-headed hydra bites you.
You block the ten-headed hydra's attack.
The ten-headed hydra bites you but does no damage.
The ten-headed hydra closely misses you.
You block Bai Suzhen's attack.
Bai Suzhen tail-slaps you but does no damage.
The ten-headed hydra bites you!
The ten-headed hydra bites you but does no damage. x2
The ten-headed hydra closely misses you.
The ten-headed hydra bites you but does no damage.
The ten-headed hydra bites you. The ten-headed hydra barely misses you.
The ten-headed hydra bites you!
The ten-headed hydra closely misses you. x2
30757 ||| READING 12 scrolls of teleportation.
As you read the scroll of teleportation, it crumbles to dust.
You feel strangely unstable. You block the steelbarb worm's attack.
The ten-headed hydra bites you but does no damage.
You block the ten-headed hydra's attack.
The ten-headed hydra bites you but does no damage.
The ten-headed hydra bites you.
The ten-headed hydra bites you but does no damage.
The ten-headed hydra closely misses you.
The ten-headed hydra bites you but does no damage.
You block the ten-headed hydra's attack. x2
The ten-headed hydra bites you but does no damage. x2
The ten-headed hydra closely misses you.
You block the ten-headed hydra's attack.
The ten-headed hydra bites you! The ten-headed hydra bites you.
The ten-headed hydra closely misses you.
The ten-headed hydra bites you but does no damage. x2
The ten-headed hydra bites you.
The ten-headed hydra closely misses you.
The steelbarb worm hits you.
Barbed spikes become lodged in your body.
Bai Suzhen hits you but does no damage. Bai Suzhen tail-slaps you.
The ten-headed hydra closely misses you.
The ten-headed hydra bites you but does no damage.
The ten-headed hydra bites you!
You die...

#.#..............##
#^...............#
#.............^.##
#^.............##
#^...........#..#
#.......<...###.##
#<.......^.##
##.### .#......####
###.%.# ###.!..##
#^D@D.# # ##.###
#..Ddw.# ###
#......# #......#
#........
#.........#
^.........^#
.......(.(.#


You could see Bai Suzhen (soul bound, extremely poisoned), 3 ten-headed hydras
and a steelbarb worm (extremely poisoned).

Vanquished Creatures
  Nikola (Spider:1)
  Rupert (D:15)
  Roxanne (Swamp:2)
  2 fenstrider witches
  An emperor scorpion (Spider:2)
  A frost giant (D:14)
  Azrael (D:15)
  4 eleionomae
  Nessos (Orc:2)
  An entropy weaver (Spider:2)
  4 dire elephants (Lair:5)
  A spark wasp (Spider:2)
  A bunyip (Swamp:2)
  Josephine (D:12)
  3 vault guards (D:14)
  22 hydras
  An ice dragon (D:14)
  2 ghost crabs
  7 boulder beetles
  A catoblepas (Lair:1)
  A radroach (Spider:1)
  4 ogre magi (Orc:2)
  4 centaur warriors
  14 two-headed ogres (Orc:2)
  A two-headed ogre (shapeshifter) (D:15)
  9 alligators
  14 death yaks
  Nergalle (Lair:1)
  4 spriggans
  4 goliath frogs
  Amaemon (Lair:1)
  2 pharaoh ants
  2 spriggan druids
  A spectral anaconda (Lair:5)
  A spectral death yak (Lair:5)
  3 bog bodies
  3 orb spiders
  2 steelbarb worms
  An obsidian statue (Lair:5)
  2 swamp dragons
  A lindwurm (Lair:2)
  2 wizards
  4 orc knights
  A deep elf archer (D:14)
  2 deep elf pyromancers
  11 wolf spiders
  An oklob plant (Lair:4)
  17 ugly things
  4 necromancers (Lair:5)
  2 deep elf zephyrmancers
  2 orc sorcerers (Orc:2)
  A salamander (D:15)
  5 will-o-the-wisps
  A cyclops (Orc:1)
  5 manticores
  A spectral centaur (D:10)
  A moth of wrath (Spider:2)
  A centaur zombie (D:10)
  29 elephants
  A slime creature (D:15)
  2 dire elephant zombies (Lair:5)
  5 black mambas
  An ice statue (D:14)
  3 torpor snails
  Maurice (D:8)
  An orange demon (Lair:1)
  A dire elephant skeleton (Lair:5)
  A gargoyle (D:14)
  13 cane toads
  An unseen horror zombie (D:10)
  A yaktaur (D:14)
  8 komodo dragons
  A tengu conjurer (D:14)
  2 polar bears
  5 trolls
  3 tyrant leeches
  6 meliai
  11 tarantellas
  12 hornets
  A meliai zombie (D:10)
  26 blink frogs
  A spectral elephant (Lair:5)
  11 jumping spiders
  5 culicivoras
  2 vampires
  4 water elementals (D:14)
  2 shadows
  7 wraiths
  50 yaks
  4 fire elementals (D:15)
  6 wyverns
  2 basilisks (Lair:4)
  A human (D:14)
  4 steam dragons
  22 redbacks
  13 vampire mosquitoes
  A death yak simulacrum (Lair:5)
  An acid dragon (D:9)
  17 swamp worms
  4 wargs
  3 hell hounds (D:15)
  13 water moccasins
  19 ice beasts
  23 orc warriors
  A swamp drake (Swamp:1)
  A sky beast (D:8)
  3 elephant zombies (Lair:5)
  30 ogres
  A black bear (D:6)
  18 wolves
  13 centaurs
  2 elephant skeletons (Lair:5)
  A phantom (D:6)
  5 kobold brigands
  12 bullfrogs
  2 necrophages
  A gnoll sergeant (D:8)
  5 scorpions
  3 cane toad simulacra (Lair:5)
  9 wights
  14 killer bees
  5 electric eels
  5 howler monkeys
  A lava snake (D:7)
  2 jellies (D:5)
  8 hounds
  13 orc priests
  An iguana (D:5)
  19 orc wizards
  4 hell rats (Lair:5)
  Robin (D:2)
  A howler monkey zombie (D:10)
  7 gnolls
  7 adders
  2 white imps
  4 worms
  66 orcs
  10 ball pythons
  3 bats
  2 endoplasms (D:2)
  A giant cockroach (D:3)
  7 hobgoblins
  3 quokkas
  2 frilled lizards
  14 goblins
  14 kobolds
  7 rats
873 creatures vanquished.

Vanquished Creatures (others)
  A bloated husk (Swamp:1)
  A vampire mosquito (Swamp:1)
  An orc wizard (D:9)
  A bush (Lair:5)
  33 foxfires
  41 fungi
  55 plants
  24 withered plants (Lair:5)
157 creatures vanquished.

Grand Total: 1030 creatures vanquished

Notes
Turn   | Place    | Note
-------+----------+-------------------------------------------
     0 | D:1      | qw the Gargoyle Fighter began the quest for the Orb.
     0 | D:1      | Reached XP level 1. HP: 14/14 MP: 1/1
     0 | D:1      | 0 ||| qw: Version: 0.1-a-119-g272c26d
     0 | D:1      | 0 ||| qw: Game counter: 11250
     0 | D:1      | 0 ||| qw: Always use a shield: true
     0 | D:1      | 0 ||| qw: God list: Okawaru
     0 | D:1      | 0 ||| qw: Allow faded altars: false
     0 | D:1      | 0 ||| qw: Do Orc after D:15 true
     0 | D:1      | 0 ||| qw: Do second Lair branch before Depths: true
     0 | D:1      | 0 ||| qw: Lair rune preference: random
     0 | D:1      | 0 ||| qw: Plans: Normal, Zot, God:TSO, Crypt, Tomb, Pan,
                  | Slime, Hells, Zig, Abyss, Orb
     0 | D:1      | 0 ||| PLANNING D:1-11
   260 | D:1      | Found a faded altar of an unknown god.
   627 | D:1      | 627 ||| UPGRADING to +4 ring of evasion.
   628 | D:1      | 628 ||| READING 4 scrolls labelled ENUOF QAS NYR.
   629 | D:1      | 629 ||| READING scroll labelled SEUCRO XAKA.
   634 | D:1      | 634 ||| READING scroll labelled QUOMUTE BOMI.
   635 | D:1      | 635 ||| READING scroll labelled TAYHIF BYIMUO.
   670 | D:1      | 670 ||| READING scroll labelled ETRIMASHUFRI.
   670 | D:1      | Identified a scroll of acquirement
   670 | D:1      | 670 ||| ACQUIRING ring "Osarepobb" {rPois rF+ Will+ Slay+6
                  | SInv}
   670 | D:1      | Acquired the ring "Osarepobb" {rPois rF+ Will+ Slay+6 SInv}
   672 | D:1      | 672 ||| UPGRADING to ring "Osarepobb" {rPois rF+ Will+
                  | Slay+6 SInv}.
   673 | D:1      | 673 ||| DRINKING 2 pink potions.
   674 | D:1      | 674 ||| READING 3 scrolls of identify.
   674 | D:1      | 674 ||| IDENTIFYING golden potion
   737 | D:2      | Reached XP level 2. HP: 19/19 MP: 2/2
   908 | D:2      | 908 ||| Stepping ~*~*~tactically~*~*~ (stealth).
   913 | D:2      | Reached skill level 3 in Axes
   914 | D:2      | Reached XP level 3. HP: 23/23 MP: 3/3
   935 | D:2      | 935 ||| Stepping ~*~*~tactically~*~*~ (stealth).
  1196 | D:2      | 1196 ||| Stepping ~*~*~tactically~*~*~ (stealth).
  1227 | D:2      | 1227 ||| FLEEEEING.
  1228 | D:2      | 1228 ||| FLEEEEING.
  1232 | D:2      | Reached XP level 4. HP: 25/28 MP: 4/4
  1237 | D:2      | 1237 ||| FLEEEEING.
  1238 | D:2      | 1238 ||| FLEEEEING.
  1239 | D:2      | 1239 ||| FLEEEEING.
  1240 | D:2      | 1240 ||| FLEEEEING.
  1241 | D:2      | 1241 ||| FLEEEEING.
  1242 | D:2      | 1242 ||| FLEEEEING.
  1260 | D:2      | 1260 ||| FLEEEEING.
  1375 | D:2      | Noticed Robin
  1376 | D:2      | 1376 ||| Stepping ~*~*~tactically~*~*~ (stealth).
  1381 | D:2      | 1381 ||| Stepping ~*~*~tactically~*~*~ (hiding).
  1390 | D:2      | Killed Robin
  1561 | D:2      | 1561 ||| UPGRADING to +0 helmet.
  1566 | D:2      | 1566 ||| UPGRADING to +0 pair of gloves.
  1571 | D:2      | 1571 ||| UPGRADING to amulet of reflection.
  1576 | D:2      | 1576 ||| READING scroll labelled KIOSCH NOEMA.
  1577 | D:2      | 1577 ||| READING scroll labelled APTESUPPEP.
  1578 | D:2      | 1578 ||| READING scroll labelled XECAEDAIRA.
  1579 | D:2      | 1579 ||| READING 2 scrolls of identify.
  1579 | D:2      | 1579 ||| IDENTIFYING sapphire potion
  1580 | D:2      | 1580 ||| DROPPING potion of invisibility.
  1737 | D:3      | 1737 ||| Stepping ~*~*~tactically~*~*~ (stealth).
  1743 | D:3      | 1743 ||| Stepping ~*~*~tactically~*~*~ (stealth).
  1779 | D:3      | 1779 ||| DROPPING +0 club.
  1804 | D:3      | 1804 ||| Stepping ~*~*~tactically~*~*~ (stealth).
  1805 | D:3      | 1805 ||| Stepping ~*~*~tactically~*~*~ (stealth).
  1904 | D:3      | Found Deoraod's Weapon Shop.
  1912 | D:3      | 1912 ||| SHOPLISTING +3 mace of holy wrath (224 gold, have
                  | 126).
  1955 | D:3      | 1955 ||| READING scroll of enchant armour.
  1955 | D:3      | 1955 ||| ENCHANTING +0 pair of gloves.
  2115 | D:3      | Reached XP level 5. HP: 32/32 MP: 5/5
  2278 | D:3      | 2278 ||| UPGRADING to +0 plate armour.
  2288 | D:3      | 2288 ||| DROPPING +0 scale mail.
  2289 | D:3      | 2289 ||| DROPPING +0 chain mail.
  2290 | D:3      | 2290 ||| UPGRADING to +0 cloak.
  2295 | D:3      | 2295 ||| READING scroll labelled IPROIZ QUCKACWOI.
  2296 | D:3      | 2296 ||| READING scroll labelled VUOLLO ONUE.
  2297 | D:3      | 2297 ||| READING scroll labelled XAC ZEASYTO.
  2298 | D:3      | 2298 ||| DRINKING 2 puce potions.
  2299 | D:3      | 2299 ||| READING 2 scrolls of identify.
  2299 | D:3      | 2299 ||| IDENTIFYING bubbling sapphire potion
  2300 | D:3      | 2300 ||| DROPPING potion of degeneration.
  2301 | D:3      | 2301 ||| DROPPING potion of brilliance.
  2354 | D:4      | Noticed a centaur
  2355 | D:4      | 2355 ||| Stepping ~*~*~tactically~*~*~ (hiding).
  2360 | D:4      | Killed a centaur
  2433 | D:4      | Reached XP level 6. HP: 35/38 MP: 6/6
  2511 | D:4      | 2511 ||| Stepping ~*~*~tactically~*~*~ (stealth).
  2521 | D:4      | 2521 ||| Stepping ~*~*~tactically~*~*~ (stealth).
  2599 | D:4      | Reached skill level 6 in Axes
  2599 | D:4      | Reached XP level 7. HP: 43/44 MP: 7/7
  2713 | D:4      | 2713 ||| Stepping ~*~*~tactically~*~*~ (stealth).
  2738 | D:4      | 2738 ||| READING scroll of enchant weapon.
  2738 | D:4      | 2738 ||| ENCHANTING +1 vorpal war axe.
  2894 | D:5      | Entered Level 5 of the Dungeon
  2980 | D:5      | 2980 ||| FLEEEEING.
  3051 | D:5      | 3051 ||| DROPPING +0 whip.
  3185 | D:5      | 3185 ||| READING scroll of brand weapon.
  3185 | D:5      | 3185 ||| BRANDING +2 vorpal war axe.
  3242 | D:5      | 3242 ||| Stepping ~*~*~tactically~*~*~ (stealth).
  3269 | D:5      | Reached XP level 8. HP: 33/49 MP: 8/8
  3378 | D:5      | Reached skill level 1 in Dodging
  3500 | D:5      | Noticed a vampire
  3501 | D:5      | 3501 ||| Stepping ~*~*~tactically~*~*~ (hiding).
  3509 | D:5      | Killed a vampire
  3633 | D:5      | 3633 ||| Stepping ~*~*~tactically~*~*~ (hiding).
  3642 | D:5      | Reached skill level 1 in Throwing
  3706 | D:5      | 3706 ||| Stepping ~*~*~tactically~*~*~ (stealth).
  4048 | D:5      | 4048 ||| Stepping ~*~*~tactically~*~*~ (hiding).
  4053 | D:5      | 4053 ||| Stepping ~*~*~tactically~*~*~ (hiding).
  4394 | D:5      | 4394 ||| READING scroll labelled LAYSMER DAZEWNOSK.
  4395 | D:5      | 4395 ||| READING 2 scrolls of identify.
  4395 | D:5      | 4395 ||| IDENTIFYING coppery potion
  4665 | D:6      | 4665 ||| Stepping ~*~*~tactically~*~*~ (stealth).
  4853 | D:6      | Reached skill level 6 in Fighting
  4853 | D:6      | Reached XP level 9. HP: 51/55 MP: 9/9
  4874 | D:6      | 4874 ||| DROPPING +0 flail.
  4948 | D:6      | 4948 ||| Stepping ~*~*~tactically~*~*~ (hiding).
  4951 | D:6      | 4951 ||| Stepping ~*~*~tactically~*~*~ (hiding).
  5026 | D:6      | 5026 ||| Stepping ~*~*~tactically~*~*~ (hiding).
  5028 | D:6      | 5028 ||| Stepping ~*~*~tactically~*~*~ (hiding).
  5250 | D:6      | 5250 ||| READING scroll labelled QASIUTI TEAFIO.
  5251 | D:6      | 5251 ||| READING 2 scrolls labelled UKKIZU ZOHYTRO.
  5252 | D:6      | 5252 ||| DRINKING 2 viscous dark potions.
  5253 | D:6      | 5253 ||| DROPPING potion of flight.
  5254 | D:6      | 5254 ||| DROPPING scroll of magic mapping.
  5297 | D:7      | Reached skill level 9 in Axes
  5303 | D:7      | 5303 ||| FLEEEEING.
  5304 | D:7      | 5304 ||| FLEEEEING.
  5305 | D:7      | 5305 ||| FLEEEEING.
  5306 | D:7      | 5306 ||| FLEEEEING.
  5307 | D:7      | 5307 ||| FLEEEEING.
  5308 | D:7      | 5308 ||| STAIRDANCE
  5444 | D:7      | Reached skill level 6 in Armour
  5444 | D:7      | 5444 ||| STAIRDANCE
  5538 | D:7      | 5538 ||| Stepping ~*~*~tactically~*~*~ (stealth).
  5659 | D:7      | Found a staircase to the Ecumenical Temple.
  5660 | D:7      | 5660 ||| PLANNING TEMPLE
  5673 | Temple   | Entered the Ecumenical Temple
  5869 | Temple   | 5869 ||| PLANNING D:1-11
  5887 | D:7      | 5887 ||| Stepping ~*~*~tactically~*~*~ (stealth).
  5965 | D:7      | 5965 ||| READING scroll of enchant weapon.
  5965 | D:7      | 5965 ||| ENCHANTING +2 war axe of venom.
  5969 | D:7      | 5969 ||| Stepping ~*~*~tactically~*~*~ (hiding).
  6146 | D:7      | Found a basalt altar of Yredelemnul.
  6146 | D:7      | Found a hide-covered altar of Uskayaw.
  6148 | D:7      | Found a hazy altar of Hepliaklqana.
  6253 | D:7      | 6253 ||| DROPPING ring of magical power.
  6331 | D:8      | Noticed a death yak
  6332 | D:8      | Noticed a death yak
  6335 | D:8      | Noticed a death yak
  6336 | D:8      | Noticed a death yak
  6339 | D:8      | Noticed a death yak
  6341 | D:8      | Killed a death yak
  6341 | D:8      | Noticed a death yak
  6342 | D:8      | Reached XP level 10. HP: 46/63 MP: 10/10
  6342 | D:8      | 6342 ||| FLEEEEING.
  6343 | D:8      | 6343 ||| FLEEEEING.
  6344 | D:8      | 6344 ||| FLEEEEING.
  6345 | D:8      | 6345 ||| FLEEEEING.
  6346 | D:8      | 6346 ||| FLEEEEING.
  6347 | D:8      | 6347 ||| FLEEEEING.
  6348 | D:8      | 6348 ||| FLEEEEING.
  6349 | D:8      | 6349 ||| FLEEEEING.
  6350 | D:8      | 6350 ||| FLEEEEING.
  6351 | D:8      | 6351 ||| FLEEEEING.
  6352 | D:8      | 6352 ||| FLEEEEING.
  6353 | D:8      | 6353 ||| FLEEEEING.
  6354 | D:8      | 6354 ||| FLEEEEING.
  6355 | D:8      | 6355 ||| FLEEEEING.
  6356 | D:8      | 6356 ||| FLEEEEING.
  6357 | D:8      | 6357 ||| FLEEEEING.
  6358 | D:8      | 6358 ||| FLEEEEING.
  6359 | D:8      | 6359 ||| FLEEEEING.
  6360 | D:8      | 6360 ||| FLEEEEING.
  6361 | D:8      | 6361 ||| FLEEEEING.
  6362 | D:8      | 6362 ||| FLEEEEING.
  6363 | D:8      | 6363 ||| FLEEEEING.
  6364 | D:8      | 6364 ||| FLEEEEING.
  6365 | D:8      | 6365 ||| FLEEEEING.
  6366 | D:8      | 6366 ||| FLEEEEING.
  6367 | D:8      | 6367 ||| FLEEEEING.
  6368 | D:8      | 6368 ||| FLEEEEING.
  6369 | D:8      | 6369 ||| FLEEEEING.
  6370 | D:8      | 6370 ||| FLEEEEING.
  6371 | D:8      | 6371 ||| FLEEEEING.
  6372 | D:8      | 6372 ||| FLEEEEING.
  6373 | D:8      | 6373 ||| FLEEEEING.
  6374 | D:8      | 6374 ||| STAIRDANCE
  6425 | D:7      | 6425 ||| DROPPING scarf of shadows.
  6426 | D:7      | 6426 ||| READING 2 scrolls of identify.
  6426 | D:7      | 6426 ||| IDENTIFYING fizzy red potion
  6429 | D:8      | 6429 ||| STAIRDANCE
  6435 | D:7      | HP: 12/63 [death yak (13)]
  6436 | D:7      | 6436 ||| READING 2 scrolls of teleportation.
  6463 | D:7      | Killed a death yak
  6479 | D:7      | Killed a death yak
  6480 | D:7      | Reached skill level 9 in Fighting
  6744 | D:8      | Found a staircase to the Lair.
  6868 | D:8      | 6868 ||| Stepping ~*~*~tactically~*~*~ (hiding).
  6963 | D:8      | 6963 ||| Stepping ~*~*~tactically~*~*~ (stealth).
  6965 | D:8      | 6965 ||| Stepping ~*~*~tactically~*~*~ (hiding).
  6974 | D:8      | 6974 ||| Stepping ~*~*~tactically~*~*~ (hiding).
  7131 | D:8      | Noticed Maurice
  7132 | D:8      | 7132 ||| Stepping ~*~*~tactically~*~*~ (hiding).
  7141 | D:8      | Killed Maurice
  7491 | D:8      | 7491 ||| READING scroll labelled ZAAREN YSTAGE.
  7492 | D:8      | 7492 ||| READING scroll labelled UJOCWU EDARYRGH.
  7571 | D:9      | Reached XP level 11. HP: 71/71 MP: 11/11
  7584 | D:9      | 7584 ||| Stepping ~*~*~tactically~*~*~ (hiding).
  7585 | D:9      | 7585 ||| Stepping ~*~*~tactically~*~*~ (hiding).
  7609 | D:9      | 7609 ||| Stepping ~*~*~tactically~*~*~ (stealth).
  7623 | D:9      | 7623 ||| FLEEEEING.
  7624 | D:9      | 7624 ||| FLEEEEING.
  7628 | D:9      | 7628 ||| FLEEEEING.
  7629 | D:9      | 7629 ||| FLEEEEING.
  7630 | D:9      | 7630 ||| FLEEEEING.
  7631 | D:9      | 7631 ||| FLEEEEING.
  7632 | D:9      | 7632 ||| FLEEEEING.
  7633 | D:9      | 7633 ||| FLEEEEING.
  7634 | D:9      | 7634 ||| FLEEEEING.
  7635 | D:9      | 7635 ||| FLEEEEING.
  7640 | D:9      | 7640 ||| FLEEEEING.
  7642 | D:9      | 7642 ||| FLEEEEING.
  7643 | D:9      | 7643 ||| FLEEEEING.
  7644 | D:9      | 7644 ||| FLEEEEING.
  7645 | D:9      | 7645 ||| FLEEEEING.
  7646 | D:9      | 7646 ||| STAIRDANCE
  7972 | D:9      | 7972 ||| Stepping ~*~*~tactically~*~*~ (hiding).
  8094 | D:9      | 8094 ||| Stepping ~*~*~tactically~*~*~ (stealth).
  8125 | D:9      | 8125 ||| Stepping ~*~*~tactically~*~*~ (hiding).
  8469 | D:9      | 8469 ||| Stepping ~*~*~tactically~*~*~ (hiding).
  8470 | D:9      | 8470 ||| Stepping ~*~*~tactically~*~*~ (hiding).
  8644 | D:9      | 8644 ||| FLEEEEING.
  8645 | D:9      | 8645 ||| FLEEEEING.
  8646 | D:9      | 8646 ||| FLEEEEING.
  8647 | D:9      | 8647 ||| FLEEEEING.
  8648 | D:9      | 8648 ||| FLEEEEING.
  8649 | D:9      | 8649 ||| FLEEEEING.
  8650 | D:9      | 8650 ||| FLEEEEING.
  8651 | D:9      | 8651 ||| FLEEEEING.
  8655 | D:9      | 8655 ||| FLEEEEING.
  8656 | D:9      | 8656 ||| FLEEEEING.
  8657 | D:9      | 8657 ||| FLEEEEING.
  8658 | D:9      | 8658 ||| FLEEEEING.
  8659 | D:9      | 8659 ||| FLEEEEING.
  8660 | D:9      | 8660 ||| FLEEEEING.
  8661 | D:9      | 8661 ||| FLEEEEING.
  8662 | D:9      | 8662 ||| FLEEEEING.
  8775 | D:9      | 8775 ||| Stepping ~*~*~tactically~*~*~ (stealth).
  8777 | D:9      | 8777 ||| Stepping ~*~*~tactically~*~*~ (stealth).
  8786 | D:9      | Reached skill level 12 in Axes
  8844 | D:9      | 8844 ||| Stepping ~*~*~tactically~*~*~ (hiding).
  9171 | D:9      | 9171 ||| DROPPING +6 ring of strength.
  9172 | D:9      | 9172 ||| DRINKING 2 glowing blue potions.
  9273 | D:9      | 9273 ||| DRINKING 2 cyan potions.
  9378 | D:9      | 9378 ||| DRINKING 2 orange potions.
  9379 | D:9      | 9379 ||| READING 3 scrolls of identify.
  9379 | D:9      | 9379 ||| IDENTIFYING viscous grey potion
  9380 | D:9      | 9380 ||| DROPPING potion of ambrosia.
  9381 | D:9      | 9381 ||| DROPPING potion of berserk rage.
  9389 | D:10     | Entered Level 10 of the Dungeon
  9401 | D:10     | Found a shadowy altar of Dithmenos.
  9439 | D:10     | Reached skill level 9 in Armour
  9475 | D:10     | Noticed a wizard
  9476 | D:10     | Noticed a deep elf zephyrmancer
  9478 | D:10     | Killed a deep elf zephyrmancer
  9481 | D:10     | Killed a wizard
  9482 | D:10     | Noticed a deep elf pyromancer
  9533 | D:10     | Reached skill level 6 in Shields
  9769 | D:10     | Found a burning altar of Makhleb.
  9769 | D:10     | Found an iron altar of Okawaru.
  9774 | D:10     | Found a sacrificial altar of Ru.
  9777 | D:10     | Found a white marble altar of Elyvilon.
  9777 | D:10     | Found a shimmering altar of Xom.
  9781 | D:10     | Found a glowing silver altar of Zin.
  9785 | D:10     | Found a blossoming altar of Fedhas.
  9930 | D:10     | Found an ornate altar of the Wu Jian Council.
 10123 | D:10     | Noticed a deep elf zephyrmancer
 10232 | D:10     | 10232 ||| READING scroll labelled YWE MOCKOOPSI.
 10233 | D:10     | 10233 ||| READING 3 scrolls of identify.
 10233 | D:10     | 10233 ||| IDENTIFYING yellow potion
 10292 | D:10     | Became a worshipper of Warmaster Okawaru
 10315 | D:11     | 10315 ||| STAIRDANCE
 10409 | D:11     | Killed a deep elf zephyrmancer
 10459 | D:11     | Killed a deep elf pyromancer
 10459 | D:11     | Reached * piety under Okawaru
 10460 | D:11     | Reached XP level 12. HP: 77/77 MP: 12/12
 10513 | D:11     | Reached skill level 1 in Invocations
 10834 | D:11     | 10834 ||| Stepping ~*~*~tactically~*~*~ (stealth).
 10835 | D:11     | Noticed a boulder beetle
 10836 | D:11     | 10836 ||| INVOKING Heroism.
 10853 | D:11     | 10853 ||| INVOKING Heroism.
 10853 | D:11     | Killed a boulder beetle
 10854 | D:11     | Reached skill level 3 in Invocations
 11127 | D:11     | 11127 ||| PLANNING LAIR
 11127 | D:11     | 11127 ||| DROPPING orb of energy.
 11128 | D:11     | 11128 ||| DROPPING amulet of regeneration.
 11129 | D:11     | 11129 ||| READING 3 scrolls of identify.
 11129 | D:11     | 11129 ||| IDENTIFYING smoky yellow potion
 11130 | D:11     | 11130 ||| READING 2 scrolls of identify.
 11130 | D:11     | 11130 ||| IDENTIFYING emerald potion
 11205 | Lair:1   | Entered Level 1 of the Lair of Beasts
 11205 | Lair:1   | Noticed Nergalle
 11206 | Lair:1   | 11206 ||| INVOKING Heroism.
 11216 | Lair:1   | Killed Nergalle
 11216 | Lair:1   | Reached ** piety under Okawaru
 11254 | Lair:1   | 11254 ||| Stepping ~*~*~tactically~*~*~ (stealth).
 11259 | Lair:1   | 11259 ||| INVOKING Heroism.
 11346 | Lair:1   | Noticed a catoblepas
 11347 | Lair:1   | 11347 ||| Stepping ~*~*~tactically~*~*~ (hiding).
 11349 | Lair:1   | 11349 ||| INVOKING Heroism.
 11350 | Lair:1   | Noticed a four-headed hydra
 11352 | Lair:1   | 11352 ||| SWAPPING to +0 morningstar.
 11356 | Lair:1   | Killed a catoblepas
 11361 | Lair:1   | Killed a four-headed hydra
 11362 | Lair:1   | 11362 ||| SWAPPING to +3 war axe of venom.
 11469 | Lair:1   | Found an ornate altar of the Wu Jian Council.
 11469 | Lair:1   | Noticed a boulder beetle
 11470 | Lair:1   | 11470 ||| INVOKING Heroism.
 11482 | Lair:1   | Killed a boulder beetle
 11488 | Lair:1   | Found a hide-covered altar of Uskayaw.
 11489 | Lair:1   | Noticed Amaemon
 11490 | Lair:1   | 11490 ||| Stepping ~*~*~tactically~*~*~ (hiding).
 11491 | Lair:1   | 11491 ||| Stepping ~*~*~tactically~*~*~ (hiding).
 11501 | Lair:1   | Killed Amaemon
 11501 | Lair:1   | Reached *** piety under Okawaru
 11539 | Lair:1   | 11539 ||| DROPPING +0 morningstar.
 11593 | Lair:1   | 11593 ||| READING scroll of enchant weapon.
 11593 | Lair:1   | 11593 ||| ENCHANTING +3 war axe of venom.
 11683 | Lair:1   | 11683 ||| Stepping ~*~*~tactically~*~*~ (stealth).
 11686 | Lair:1   | 11686 ||| INVOKING Heroism.
 11708 | Lair:1   | Reached **** piety under Okawaru
 11709 | Lair:1   | 11709 ||| INVOKING Heroism.
 11885 | Lair:1   | You fall into a shaft and drop 1 floor!
 11893 | Lair:2   | 11893 ||| INVOKING Heroism.
 11900 | Lair:2   | Received a gift from Okawaru
 11906 | Lair:2   | Reached XP level 13. HP: 74/83 MP: 16/16
 11908 | Lair:2   | 11908 ||| INVOKING Heroism.
 11931 | Lair:2   | 11931 ||| INVOKING Heroism.
 11935 | Lair:2   | 11935 ||| SWAPPING to +1 demon whip of venom.
 11939 | Lair:2   | 11939 ||| SWAPPING to +4 war axe of venom.
 11969 | Lair:2   | 11969 ||| INVOKING Heroism.
 12001 | Lair:2   | 12001 ||| INVOKING Heroism.
 12009 | Lair:2   | Reached skill level 6 in Invocations
 12034 | Lair:2   | 12034 ||| Stepping ~*~*~tactically~*~*~ (stealth).
 12036 | Lair:2   | 12036 ||| Stepping ~*~*~tactically~*~*~ (stealth).
 12037 | Lair:2   | 12037 ||| INVOKING Heroism.
 12055 | Lair:2   | Reached ***** piety under Okawaru
 12056 | Lair:2   | 12056 ||| INVOKING Heroism.
 12057 | Lair:2   | 12057 ||| INVOKING Finesse.
 12059 | Lair:2   | Received a gift from Okawaru
 12190 | Lair:2   | 12190 ||| DROPPING ring of flight.
 12417 | Lair:2   | 12417 ||| READING scroll of enchant weapon.
 12417 | Lair:2   | 12417 ||| ENCHANTING +4 war axe of venom.
 12468 | Lair:2   | 12468 ||| INVOKING Heroism.
 12469 | Lair:2   | 12469 ||| INVOKING Finesse.
 12472 | Lair:2   | 12472 ||| SWAPPING to +1 demon whip of venom.
 12478 | Lair:2   | 12478 ||| SWAPPING to +5 war axe of venom.
 12617 | Lair:2   | 12617 ||| INVOKING Heroism.
 12953 | Lair:2   | 12953 ||| Stepping ~*~*~tactically~*~*~ (stealth).
 12954 | Lair:2   | 12954 ||| INVOKING Heroism.
 13045 | Lair:2   | 13045 ||| Stepping ~*~*~tactically~*~*~ (stealth).
 13049 | Lair:2   | 13049 ||| INVOKING Heroism.
 13073 | Lair:2   | 13073 ||| Stepping ~*~*~tactically~*~*~ (stealth).
 13074 | Lair:2   | 13074 ||| Stepping ~*~*~tactically~*~*~ (stealth).
 13076 | Lair:2   | 13076 ||| INVOKING Heroism.
 13077 | Lair:2   | 13077 ||| SWAPPING to +1 demon whip of venom.
 13078 | Lair:2   | 13078 ||| INVOKING Finesse.
 13090 | Lair:2   | 13090 ||| SWAPPING to +5 war axe of venom.
 13193 | Lair:2   | 13193 ||| INVOKING Heroism.
 13194 | Lair:2   | 13194 ||| INVOKING Finesse.
 13195 | Lair:2   | 13195 ||| SWAPPING to +1 demon whip of venom.
 13203 | Lair:2   | 13203 ||| SWAPPING to +5 war axe of venom.
 13235 | Lair:2   | 13235 ||| Stepping ~*~*~tactically~*~*~ (stealth).
 13236 | Lair:2   | 13236 ||| Stepping ~*~*~tactically~*~*~ (stealth).
 13237 | Lair:2   | 13237 ||| INVOKING Heroism.
 13262 | Lair:2   | Found a staircase to the Swamp.
 13337 | Lair:2   | Found a hole to the Spider Nest.
 13338 | Lair:2   | 13338 ||| INVOKING Heroism.
 13349 | Lair:2   | Identified the +11 hand axe of Awash {flame, rPois rN+++
                  | Will- Str-5} (Okawaru gifted it to you on level 2 of the
                  | Lair of Beasts)
 13349 | Lair:2   | Received a gift from Okawaru
 13351 | Lair:2   | Reached skill level 15 in Axes
 13355 | Lair:2   | 13355 ||| DROPPING +1 demon whip of venom.
 13522 | Lair:3   | Identified the +6 flail "Ryhonl Ukhlo" {spect, rCorr Str+3}
 13538 | Lair:3   | Reached skill level 9 in Invocations
 13605 | Lair:3   | 13605 ||| Stepping ~*~*~tactically~*~*~ (stealth).
 13609 | Lair:3   | 13609 ||| Stepping ~*~*~tactically~*~*~ (stealth).
 13610 | Lair:3   | 13610 ||| Stepping ~*~*~tactically~*~*~ (stealth).
 13611 | Lair:3   | 13611 ||| Stepping ~*~*~tactically~*~*~ (stealth).
 13614 | Lair:3   | 13614 ||| INVOKING Heroism.
 13706 | Lair:3   | 13706 ||| INVOKING Heroism.
 13718 | Lair:3   | 13718 ||| INVOKING Finesse.
 13726 | Lair:3   | 13726 ||| SWAPPING to +11 hand axe of Awash {flame, rPois
                  | rN+++ Will- Str-5}.
 13734 | Lair:3   | 13734 ||| SWAPPING to +5 war axe of venom.
 13745 | Lair:3   | Gained mutation: Your large and strong wings let you fly.
                  | [Gargoyle growth]
 13745 | Lair:3   | Reached XP level 14. HP: 87/90 MP: 17/21
 13820 | Lair:3   | 13820 ||| Stepping ~*~*~tactically~*~*~ (stealth).
 13821 | Lair:3   | 13821 ||| Stepping ~*~*~tactically~*~*~ (stealth).
 13823 | Lair:3   | 13823 ||| INVOKING Heroism.
 13825 | Lair:3   | 13825 ||| Stepping ~*~*~tactically~*~*~ (stealth).
 13834 | Lair:3   | 13834 ||| Stepping ~*~*~tactically~*~*~ (stealth).
 13835 | Lair:3   | 13835 ||| Stepping ~*~*~tactically~*~*~ (stealth).
 14232 | Lair:3   | 14232 ||| UPGRADING to +0 pair of boots.
 14267 | Lair:4   | 14267 ||| STAIRDANCE
 14269 | Lair:3   | 14269 ||| INVOKING Heroism.
 14270 | Lair:3   | 14270 ||| SWAPPING to +11 hand axe of Awash {flame, rPois
                  | rN+++ Will- Str-5}.
 14275 | Lair:3   | 14275 ||| SWAPPING to +5 war axe of venom.
 14364 | Lair:4   | 14364 ||| Stepping ~*~*~tactically~*~*~ (stealth).
 14370 | Lair:4   | 14370 ||| INVOKING Heroism.
 14371 | Lair:4   | 14371 ||| SWAPPING to +11 hand axe of Awash {flame, rPois
                  | rN+++ Will- Str-5}.
 14377 | Lair:4   | 14377 ||| SWAPPING to +5 war axe of venom.
 14380 | Lair:4   | 14380 ||| Stepping ~*~*~tactically~*~*~ (stealth).
 14471 | Lair:4   | 14471 ||| INVOKING Heroism.
 14601 | Lair:4   | 14601 ||| INVOKING Heroism.
 14610 | Lair:4   | Reached skill level 12 in Fighting
 14640 | Lair:4   | 14640 ||| Stepping ~*~*~tactically~*~*~ (hiding).
 14641 | Lair:4   | 14641 ||| Stepping ~*~*~tactically~*~*~ (hiding).
 14655 | Lair:4   | 14655 ||| Stepping ~*~*~tactically~*~*~ (stealth).
 14656 | Lair:4   | 14656 ||| Stepping ~*~*~tactically~*~*~ (stealth).
 14678 | Lair:4   | 14678 ||| READING scroll of acquirement.
 14678 | Lair:4   | 14678 ||| ACQUIRING ring of protection from cold
 14678 | Lair:4   | Acquired a ring of protection from cold
 14747 | Lair:4   | 14747 ||| Stepping ~*~*~tactically~*~*~ (stealth).
 14748 | Lair:4   | 14748 ||| Stepping ~*~*~tactically~*~*~ (stealth).
 14750 | Lair:4   | 14750 ||| Stepping ~*~*~tactically~*~*~ (stealth).
 14833 | Lair:4   | Found a viscous altar of Jiyva.
 14835 | Lair:4   | Found a staircase to the Slime Pits.
 14836 | Lair:4   | 14836 ||| INVOKING Heroism.
 14837 | Lair:4   | 14837 ||| INVOKING Finesse.
 15294 | Lair:4   | 15294 ||| INVOKING Heroism.
 15295 | Lair:4   | 15295 ||| INVOKING Finesse.
 15386 | Lair:4   | Reached skill level 12 in Armour
 15500 | Lair:4   | 15500 ||| DROPPING +4 ring of protection.
 15527 | Lair:5   | Entered Level 5 of the Lair of Beasts
 15528 | Lair:5   | 15528 ||| PLANNING GAUNTLET
 15529 | Lair:5   | 15529 ||| INVOKING Heroism.
 15533 | Lair:5   | 15533 ||| STAIRDANCE
 15566 | Lair:5   | 15566 ||| Stepping ~*~*~tactically~*~*~ (stealth).
 15582 | Lair:5   | 15582 ||| INVOKING Heroism.
 15589 | Lair:5   | 15589 ||| Stepping ~*~*~tactically~*~*~ (stealth).
 15599 | Lair:5   | 15599 ||| Stepping ~*~*~tactically~*~*~ (stealth).
 15674 | Lair:5   | 15674 ||| INVOKING Heroism.
 15692 | Lair:5   | Received a gift from Okawaru
 15753 | Lair:5   | 15753 ||| INVOKING Heroism.
 15819 | Lair:5   | 15819 ||| READING scroll of enchant armour.
 15819 | Lair:5   | 15819 ||| ENCHANTING +1 pair of gloves.
 15915 | Lair:5   | 15915 ||| INVOKING Heroism.
 15986 | Lair:5   | 15986 ||| INVOKING Heroism.
 15988 | Lair:5   | 15988 ||| Stepping ~*~*~tactically~*~*~ (stealth).
 15989 | Lair:5   | 15989 ||| INVOKING Finesse.
 15998 | Lair:5   | 15998 ||| SWAPPING to +11 hand axe of Awash {flame, rPois
                  | rN+++ Will- Str-5}.
 16006 | Lair:5   | 16006 ||| SWAPPING to +5 war axe of venom.
 16077 | Lair:5   | 16077 ||| RIP GAUNTLET
 16128 | Lair:5   | Noticed a dire elephant
 16128 | Lair:5   | Noticed a dire elephant
 16129 | Lair:5   | 16129 ||| PLANNING LAIR
 16146 | Lair:5   | 16146 ||| INVOKING Heroism.
 16179 | Lair:5   | 16179 ||| Stepping ~*~*~tactically~*~*~ (stealth).
 16283 | Lair:5   | 16283 ||| Stepping ~*~*~tactically~*~*~ (stealth).
 16284 | Lair:5   | 16284 ||| INVOKING Heroism.
 16285 | Lair:5   | 16285 ||| INVOKING Finesse.
 16290 | Lair:5   | 16290 ||| SWAPPING to +11 hand axe of Awash {flame, rPois
                  | rN+++ Will- Str-5}.
 16295 | Lair:5   | 16295 ||| SWAPPING to +5 war axe of venom.
 16352 | Lair:5   | 16352 ||| INVOKING Heroism.
 16353 | Lair:5   | 16353 ||| INVOKING Finesse.
 16358 | Lair:5   | 16358 ||| Stepping ~*~*~tactically~*~*~ (stealth).
 16362 | Lair:5   | 16362 ||| Stepping ~*~*~tactically~*~*~ (stealth).
 16365 | Lair:5   | Reached skill level 3 in Dodging
 16462 | Lair:5   | 16462 ||| INVOKING Heroism.
 16476 | Lair:5   | Reached XP level 15. HP: 97/97 MP: 20/22
 16595 | Lair:5   | 16595 ||| INVOKING Heroism.
 16614 | Lair:5   | 16614 ||| Stepping ~*~*~tactically~*~*~ (stealth).
 16625 | Lair:5   | 16625 ||| Stepping ~*~*~tactically~*~*~ (stealth).
 16629 | Lair:5   | 16629 ||| Stepping ~*~*~tactically~*~*~ (stealth).
 16647 | Lair:5   | Identified the +0 chain mail "Ephuseixia" {+Inv rN+ Will-}
                  | (Okawaru gifted it to you on level 5 of the Lair of Beasts)
 16647 | Lair:5   | Received a gift from Okawaru
 16682 | Lair:5   | 16682 ||| INVOKING Heroism.
 17003 | Lair:5   | 17003 ||| Stepping ~*~*~tactically~*~*~ (hiding).
 17004 | Lair:5   | 17004 ||| INVOKING Heroism.
 17234 | Lair:5   | Reached skill level 3 in Throwing
 17241 | Lair:5   | 17241 ||| INVOKING Heroism.
 17334 | Lair:5   | 17334 ||| Stepping ~*~*~tactically~*~*~ (hiding).
 17337 | Lair:5   | 17337 ||| INVOKING Heroism.
 17346 | Lair:5   | Reached skill level 9 in Shields
 17600 | Lair:5   | 17600 ||| INVOKING Heroism.
 17601 | Lair:5   | 17601 ||| INVOKING Finesse.
 17782 | Lair:5   | 17782 ||| Stepping ~*~*~tactically~*~*~ (stealth).
 17787 | Lair:5   | 17787 ||| INVOKING Heroism.
 17834 | Lair:5   | 17834 ||| INVOKING Heroism.
 18045 | Lair:5   | 18045 ||| PLANNING D
 18045 | Lair:5   | 18045 ||| DROPPING +0 chain mail "Ephuseixia" {+Inv rN+
                  | Will-}.
 18296 | D:12     | 18296 ||| INVOKING Heroism.
 18297 | D:12     | 18297 ||| INVOKING Finesse.
 18300 | D:12     | 18300 ||| SWAPPING to +11 hand axe of Awash {flame, rPois
                  | rN+++ Will- Str-5}.
 18304 | D:12     | 18304 ||| SWAPPING to +5 war axe of venom.
 18352 | D:12     | 18352 ||| Stepping ~*~*~tactically~*~*~ (stealth).
 18399 | D:12     | Found a staircase to the Orcish Mines.
 18424 | D:12     | 18424 ||| Stepping ~*~*~tactically~*~*~ (stealth).
 18425 | D:12     | 18425 ||| Stepping ~*~*~tactically~*~*~ (hiding).
 18430 | D:12     | 18430 ||| INVOKING Heroism.
 18801 | D:12     | Noticed Josephine
 18802 | D:12     | 18802 ||| Stepping ~*~*~tactically~*~*~ (hiding).
 18806 | D:12     | 18806 ||| INVOKING Heroism.
 18815 | D:12     | Killed Josephine
 18903 | D:12     | 18903 ||| INVOKING Heroism.
 18904 | D:12     | 18904 ||| SWAPPING to +11 hand axe of Awash {flame, rPois
                  | rN+++ Will- Str-5}.
 18912 | D:12     | 18912 ||| SWAPPING to +5 war axe of venom.
 18976 | D:12     | Received a gift from Okawaru
 19048 | D:13     | You are sucked into a shaft and drop 2 floors!
 19048 | D:15     | Entered Level 15 of the Dungeon
 19094 | D:15     | 19094 ||| INVOKING Heroism.
 19112 | D:15     | 19112 ||| INVOKING Heroism.
 19229 | D:15     | 19229 ||| Stepping ~*~*~tactically~*~*~ (hiding).
 19350 | D:15     | 19350 ||| INVOKING Heroism.
 19542 | D:14     | Received a gift from Okawaru
 19602 | D:13     | Found a runed translucent gate.
 19602 | D:13     | Found a runed translucent gate.
 19606 | D:13     | Found a runed translucent gate.
 19606 | D:13     | Noticed Buchaag's ghost (novice MiMo)
 19637 | D:13     | 19637 ||| READING scroll of enchant weapon.
 19637 | D:13     | 19637 ||| ENCHANTING +5 war axe of venom.
 20281 | D:14     | Found a radiant altar of Vehumet.
 20338 | D:14     | Found a stormy altar of Qazlal.
 20380 | D:14     | 20380 ||| INVOKING Heroism.
 20381 | D:14     | 20381 ||| INVOKING Finesse.
 20392 | D:14     | 20392 ||| Stepping ~*~*~tactically~*~*~ (cloud).
 20405 | D:14     | 20405 ||| Stepping ~*~*~tactically~*~*~ (cloud).
 20409 | D:14     | 20409 ||| DROPPING amulet of magic regeneration.
 20410 | D:14     | 20410 ||| Stepping randomly (cloudy).
 20411 | D:14     | 20411 ||| Stepping ~*~*~tactically~*~*~ (cloud).
 20419 | D:14     | 20419 ||| READING 8 scrolls of teleportation.
 20420 | D:14     | 20420 ||| Stepping ~*~*~tactically~*~*~ (cloud).
 20425 | D:14     | 20425 ||| FLEEEEING.
 20426 | D:14     | 20426 ||| FLEEEEING.
 20464 | D:14     | 20464 ||| Stepping ~*~*~tactically~*~*~ (stealth).
 20467 | D:14     | 20467 ||| Stepping ~*~*~tactically~*~*~ (stealth).
 20468 | D:14     | 20468 ||| Stepping ~*~*~tactically~*~*~ (stealth).
 20469 | D:14     | 20469 ||| INVOKING Heroism.
 20470 | D:14     | HP: 24/100 [centaur/arrow[a centaur warrior] (9)]
 20471 | D:14     | 20471 ||| READING 7 scrolls of teleportation.
 20472 | D:14     | 20472 ||| DRINKING 4 potions of heal wounds.
 20477 | D:14     | 20477 ||| FLEEEEING.
 20478 | D:14     | 20478 ||| FLEEEEING.
 20479 | D:14     | 20479 ||| FLEEEEING.
 20480 | D:14     | 20480 ||| FLEEEEING.
 20481 | D:14     | 20481 ||| STAIRDANCE
 20773 | D:14     | 20773 ||| Stepping ~*~*~tactically~*~*~ (hiding).
 20774 | D:14     | 20774 ||| Stepping ~*~*~tactically~*~*~ (hiding).
 20846 | D:14     | 20846 ||| INVOKING Heroism.
 20970 | D:14     | 20970 ||| INVOKING Heroism.
 20977 | D:14     | Reached skill level 6 in Throwing
 20980 | D:14     | Reached XP level 16. HP: 69/106 MP: 21/23
 21126 | D:14     | Found a gate to the Vaults.
 21127 | D:14     | 21127 ||| INVOKING Heroism.
 21136 | D:14     | Received a gift from Okawaru
 21453 | D:14     | 21453 ||| INVOKING Heroism.
 21454 | D:14     | 21454 ||| Stepping ~*~*~tactically~*~*~ (cloud).
 21456 | D:14     | 21456 ||| INVOKING Finesse.
 21458 | D:14     | 21458 ||| Stepping ~*~*~tactically~*~*~ (cloud).
 21463 | D:14     | 21463 ||| Stepping ~*~*~tactically~*~*~ (cloud).
 21747 | D:14     | 21747 ||| Stepping ~*~*~tactically~*~*~ (cloud).
 21748 | D:14     | 21748 ||| INVOKING Heroism.
 21750 | D:14     | 21750 ||| Stepping ~*~*~tactically~*~*~ (cloud).
 21973 | D:14     | 21973 ||| INVOKING Heroism.
 21994 | D:14     | Reached skill level 15 in Fighting
 22134 | D:14     | 22134 ||| UPGRADING to +0 kite shield.
 22144 | D:14     | 22144 ||| DROPPING +0 buckler.
 22173 | D:15     | 22173 ||| Stepping ~*~*~tactically~*~*~ (stealth).
 22209 | D:15     | 22209 ||| Stepping ~*~*~tactically~*~*~ (stealth).
 22211 | D:15     | 22211 ||| Stepping ~*~*~tactically~*~*~ (stealth).
 22215 | D:15     | 22215 ||| INVOKING Heroism.
 22228 | D:15     | Received a gift from Okawaru
 22239 | D:15     | 22239 ||| Stepping ~*~*~tactically~*~*~ (hiding).
 22376 | D:15     | 22376 ||| INVOKING Heroism.
 22407 | D:15     | Noticed Rupert
 22408 | D:15     | 22408 ||| INVOKING Finesse.
 22410 | D:15     | 22410 ||| Stepping ~*~*~tactically~*~*~ (hiding).
 22415 | D:15     | 22415 ||| Stepping ~*~*~tactically~*~*~ (hiding).
 22418 | D:15     | Killed Rupert
 22447 | D:15     | 22447 ||| Stepping ~*~*~tactically~*~*~ (stealth).
 22510 | D:15     | 22510 ||| Stepping ~*~*~tactically~*~*~ (stealth).
 22511 | D:15     | 22511 ||| INVOKING Heroism.
 22512 | D:15     | 22512 ||| SWAPPING to +11 hand axe of Awash {flame, rPois
                  | rN+++ Will- Str-5}.
 22517 | D:15     | 22517 ||| SWAPPING to +6 war axe of venom.
 22600 | D:15     | Found a staircase to the Depths.
 22672 | D:15     | 22672 ||| INVOKING Heroism.
 22675 | D:15     | Noticed Azrael
 22676 | D:15     | 22676 ||| INVOKING Finesse.
 22692 | D:15     | Killed Azrael
 22947 | D:15     | Found a shimmering altar of Xom.
 22950 | D:15     | Found a glowing silver altar of Zin.
 22950 | D:15     | Found a shimmering altar of Xom.
 22952 | D:15     | Found a basalt altar of Yredelemnul.
 22952 | D:15     | Found a bloodstained altar of Trog.
 22952 | D:15     | Found a radiant altar of Vehumet.
 23028 | D:15     | 23028 ||| INVOKING Heroism.
 23174 | D:15     | 23174 ||| PLANNING ORC
 23241 | Orc:1    | Entered Level 1 of the Orcish Mines
 23255 | Orc:1    | 23255 ||| Stepping ~*~*~tactically~*~*~ (stealth).
 23256 | Orc:1    | 23256 ||| Stepping ~*~*~tactically~*~*~ (stealth).
 23257 | Orc:1    | 23257 ||| Stepping ~*~*~tactically~*~*~ (stealth).
 23259 | Orc:1    | 23259 ||| INVOKING Heroism.
 23291 | Orc:1    | Found a frozen archway.
 23533 | Orc:2    | Entered Level 2 of the Orcish Mines
 23558 | Orc:2    | Noticed Nessos
 23560 | Orc:2    | 23560 ||| INVOKING Heroism.
 23568 | Orc:2    | 23568 ||| Stepping ~*~*~tactically~*~*~ (hiding).
 23569 | Orc:2    | Killed Nessos
 23713 | Orc:2    | 23713 ||| Stepping ~*~*~tactically~*~*~ (stealth).
 23731 | Orc:2    | 23731 ||| Stepping ~*~*~tactically~*~*~ (stealth).
 23734 | Orc:2    | 23734 ||| Stepping ~*~*~tactically~*~*~ (stealth).
 23737 | Orc:2    | 23737 ||| INVOKING Heroism.
 23756 | Orc:2    | 23756 ||| Stepping ~*~*~tactically~*~*~ (hiding).
 23757 | Orc:2    | 23757 ||| Stepping ~*~*~tactically~*~*~ (hiding).
 23865 | Orc:2    | 23865 ||| Stepping ~*~*~tactically~*~*~ (stealth).
 23866 | Orc:2    | 23866 ||| Stepping ~*~*~tactically~*~*~ (stealth).
 23868 | Orc:2    | 23868 ||| Stepping ~*~*~tactically~*~*~ (hiding).
 23869 | Orc:2    | 23869 ||| INVOKING Heroism.
 24109 | Orc:2    | Found a staircase to the Elven Halls.
 24113 | Orc:2    | 24113 ||| Stepping ~*~*~tactically~*~*~ (hiding).
 24121 | Orc:2    | 24121 ||| Stepping ~*~*~tactically~*~*~ (stealth).
 24126 | Orc:2    | 24126 ||| Stepping ~*~*~tactically~*~*~ (stealth).
 24130 | Orc:2    | 24130 ||| INVOKING Heroism.
 24132 | Orc:2    | 24132 ||| Stepping ~*~*~tactically~*~*~ (hiding).
 24147 | Orc:2    | 24147 ||| Stepping ~*~*~tactically~*~*~ (stealth).
 24148 | Orc:2    | 24148 ||| Stepping ~*~*~tactically~*~*~ (stealth).
 24159 | Orc:2    | 24159 ||| INVOKING Heroism.
 24163 | Orc:2    | Reached skill level 12 in Shields
 24196 | Orc:2    | 24196 ||| Stepping ~*~*~tactically~*~*~ (hiding).
 24216 | Orc:2    | 24216 ||| INVOKING Heroism.
 24233 | Orc:2    | 24233 ||| FLEEEEING.
 24234 | Orc:2    | 24234 ||| FLEEEEING.
 24238 | Orc:2    | 24238 ||| FLEEEEING.
 24239 | Orc:2    | 24239 ||| FLEEEEING.
 24240 | Orc:2    | 24240 ||| FLEEEEING.
 24241 | Orc:2    | 24241 ||| FLEEEEING.
 24242 | Orc:2    | 24242 ||| FLEEEEING.
 24251 | Orc:2    | 24251 ||| STAIRDANCE
 24364 | Orc:2    | 24364 ||| Stepping ~*~*~tactically~*~*~ (stealth).
 24365 | Orc:2    | 24365 ||| Stepping ~*~*~tactically~*~*~ (stealth).
 24383 | Orc:2    | 24383 ||| Stepping ~*~*~tactically~*~*~ (stealth).
 24407 | Orc:2    | 24407 ||| Stepping ~*~*~tactically~*~*~ (hiding).
 24411 | Orc:2    | 24411 ||| INVOKING Heroism.
 24424 | Orc:2    | Found Xurch's Distillery.
 24424 | Orc:2    | Found Roshru Sewkeu's Antique Weapon Emporium.
 24425 | Orc:2    | Found Belexzib's Magic Scroll Emporium.
 24425 | Orc:2    | Found Dyxuoxka's Jewellery Boutique.
 24432 | Orc:2    | 24432 ||| BUYING potion of curing (33 gold).
 24432 | Orc:2    | Bought a potion of curing for 33 gold pieces
 24432 | Orc:2    | 24432 ||| BUYING potion of curing (33 gold).
 24432 | Orc:2    | Bought a potion of curing for 33 gold pieces
 24432 | Orc:2    | 24432 ||| BUYING potion of heal wounds (55 gold).
 24432 | Orc:2    | Bought a potion of heal wounds for 55 gold pieces
 24432 | Orc:2    | 24432 ||| BUYING potion of heal wounds (55 gold).
 24432 | Orc:2    | Bought a potion of heal wounds for 55 gold pieces
 24432 | Orc:2    | 24432 ||| BUYING potion of lignification (33 gold).
 24432 | Orc:2    | Bought a potion of lignification for 33 gold pieces
 24432 | Orc:2    | 24432 ||| BUYING potion of might (44 gold).
 24432 | Orc:2    | Bought a potion of might for 44 gold pieces
 24432 | Orc:2    | 24432 ||| BUYING potion of resistance (110 gold).
 24432 | Orc:2    | Bought a potion of resistance for 110 gold pieces
 24433 | Orc:2    | 24433 ||| BUYING scroll of teleportation (33 gold).
 24433 | Orc:2    | Bought a scroll of teleportation for 33 gold pieces
 24433 | Orc:2    | 24433 ||| BUYING scroll of teleportation (33 gold).
 24433 | Orc:2    | Bought a scroll of teleportation for 33 gold pieces
 24434 | Orc:2    | 24434 ||| BUYING amulet "Jerao" {Faith rCorr} (736 gold).
 24434 | Orc:2    | Bought the amulet "Jerao" {Faith rCorr} for 736 gold pieces
 24434 | Orc:2    | 24434 ||| BUYING ring "Suviol" {rF+ rCorr Str-3 Dex+6} (690
                  | gold).
 24434 | Orc:2    | Bought the ring "Suviol" {rF+ rCorr Str-3 Dex+6} for 690
                  | gold pieces
 24434 | Orc:2    | 24434 ||| SHOPLISTING ring of protection from cold (350
                  | gold, have 302).
 24434 | Orc:2    | 24434 ||| SHOPLISTING ring of the Tortoise {AC+8} (1792
                  | gold, have 302).
 24435 | Orc:2    | 24435 ||| BUYING runed war axe (169 gold).
 24435 | Orc:2    | Bought a runed war axe for 169 gold pieces
 24435 | Orc:2    | 24435 ||| DROPPING +1 war axe of venom.
 24468 | Orc:2    | 24468 ||| Stepping ~*~*~tactically~*~*~ (stealth).
 24529 | Orc:2    | 24529 ||| INVOKING Heroism.
 24572 | Orc:2    | 24572 ||| DROPPING ring of fire.
 24647 | Orc:1    | Found Zekeck's Magic Scroll Boutique.
 24648 | Orc:1    | 24648 ||| Stepping ~*~*~tactically~*~*~ (stealth).
 24649 | Orc:1    | 24649 ||| INVOKING Heroism.
 24650 | Orc:1    | 24650 ||| Stepping ~*~*~tactically~*~*~ (stealth).
 24667 | Orc:1    | Received a gift from Okawaru
 24679 | Orc:1    | 24679 ||| SHOPLISTING scroll of acquirement (676 gold, have
                  | 159).
 24679 | Orc:1    | 24679 ||| BUYING scroll of enchant weapon (97 gold).
 24679 | Orc:1    | Bought a scroll of enchant weapon for 97 gold pieces
 24679 | Orc:1    | 24679 ||| BUYING scroll of teleportation (39 gold).
 24679 | Orc:1    | Bought a scroll of teleportation for 39 gold pieces
 24679 | Orc:1    | 24679 ||| READING scroll of enchant weapon.
 24679 | Orc:1    | 24679 ||| ENCHANTING +6 war axe of venom.
 24754 | Orc:1    | 24754 ||| INVOKING Heroism.
 24759 | Orc:1    | 24759 ||| Stepping ~*~*~tactically~*~*~ (stealth).
 24777 | Orc:1    | 24777 ||| Stepping ~*~*~tactically~*~*~ (stealth).
 24778 | Orc:1    | 24778 ||| Stepping ~*~*~tactically~*~*~ (stealth).
 24779 | Orc:1    | 24779 ||| Stepping ~*~*~tactically~*~*~ (stealth).
 24819 | Orc:1    | 24819 ||| Stepping ~*~*~tactically~*~*~ (hiding).
 24966 | Orc:1    | 24966 ||| PLANNING SWAMP:1-3
 25182 | Swamp:1  | Entered Level 1 of the Swamp
 25290 | Swamp:1  | 25290 ||| INVOKING Heroism.
 25309 | Swamp:1  | Reached XP level 17. HP: 107/113 MP: 24/24
 25310 | Swamp:1  | 25310 ||| SWAPPING to +11 hand axe of Awash {flame, rPois
                  | rN+++ Will- Str-5}.
 25315 | Swamp:1  | 25315 ||| SWAPPING to +7 war axe of venom.
 25335 | Swamp:1  | 25335 ||| Stepping ~*~*~tactically~*~*~ (hiding).
 25336 | Swamp:1  | 25336 ||| Stepping ~*~*~tactically~*~*~ (hiding).
 25406 | Swamp:1  | 25406 ||| INVOKING Heroism.
 25408 | Swamp:1  | 25408 ||| Stepping ~*~*~tactically~*~*~ (hiding).
 25451 | Swamp:1  | 25451 ||| Stepping ~*~*~tactically~*~*~ (hiding).
 25572 | Swamp:1  | 25572 ||| Stepping ~*~*~tactically~*~*~ (stealth).
 25579 | Swamp:1  | 25579 ||| INVOKING Heroism.
 25619 | Swamp:1  | 25619 ||| INVOKING Heroism.
 25782 | Swamp:1  | 25782 ||| INVOKING Heroism.
 25901 | Swamp:1  | 25901 ||| Stepping ~*~*~tactically~*~*~ (hiding).
 25902 | Swamp:1  | 25902 ||| Stepping ~*~*~tactically~*~*~ (hiding).
 25903 | Swamp:1  | 25903 ||| INVOKING Heroism.
 25908 | Swamp:1  | Reached skill level 15 in Armour
 25920 | Swamp:1  | 25920 ||| Stepping ~*~*~tactically~*~*~ (hiding).
 25940 | Swamp:1  | 25940 ||| INVOKING Heroism.
 25941 | Swamp:1  | 25941 ||| SWAPPING to +11 hand axe of Awash {flame, rPois
                  | rN+++ Will- Str-5}.
 25946 | Swamp:1  | 25946 ||| SWAPPING to +7 war axe of venom.
 26132 | Swamp:2  | 26132 ||| STAIRDANCE
 26134 | Swamp:1  | 26134 ||| INVOKING Heroism.
 26135 | Swamp:1  | 26135 ||| SWAPPING to +11 hand axe of Awash {flame, rPois
                  | rN+++ Will- Str-5}.
 26140 | Swamp:1  | 26140 ||| SWAPPING to +7 war axe of venom.
 26177 | Swamp:2  | 26177 ||| STAIRDANCE
 26358 | Swamp:2  | Found a radiant altar of Vehumet.
 26499 | Swamp:2  | 26499 ||| INVOKING Heroism.
 26502 | Swamp:2  | 26502 ||| SWAPPING to +11 hand axe of Awash {flame, rPois
                  | rN+++ Will- Str-5}.
 26517 | Swamp:2  | 26517 ||| SWAPPING to +7 war axe of venom.
 26519 | Swamp:2  | 26519 ||| Stepping ~*~*~tactically~*~*~ (stealth).
 26529 | Swamp:2  | 26529 ||| Stepping ~*~*~tactically~*~*~ (cloud).
 26531 | Swamp:2  | 26531 ||| Stepping ~*~*~tactically~*~*~ (hiding).
 26580 | Swamp:2  | 26580 ||| FLEEEEING.
 26744 | Swamp:2  | 26744 ||| Stepping ~*~*~tactically~*~*~ (hiding).
 26865 | Swamp:2  | 26865 ||| FLEEEEING.
 26866 | Swamp:2  | 26866 ||| FLEEEEING.
 26867 | Swamp:2  | 26867 ||| FLEEEEING.
 26868 | Swamp:2  | 26868 ||| FLEEEEING.
 26870 | Swamp:2  | 26870 ||| FLEEEEING.
 26873 | Swamp:2  | 26873 ||| FLEEEEING.
 26890 | Swamp:2  | 26890 ||| FLEEEEING.
 26892 | Swamp:2  | 26892 ||| INVOKING Heroism.
 27027 | Swamp:2  | Identified Roxanne's Quarto of Permutations
 27027 | Swamp:2  | Noticed Roxanne
 27028 | Swamp:2  | 27028 ||| INVOKING Heroism.
 27029 | Swamp:2  | 27029 ||| INVOKING Finesse.
 27057 | Swamp:2  | Killed Roxanne
 27234 | Swamp:3  | 27234 ||| INVOKING Heroism.
 27235 | Swamp:3  | 27235 ||| SWAPPING to +11 hand axe of Awash {flame, rPois
                  | rN+++ Will- Str-5}.
 27238 | Swamp:3  | 27238 ||| STAIRDANCE
 27242 | Swamp:2  | 27242 ||| SWAPPING to +7 war axe of venom.
 27305 | Swamp:3  | 27305 ||| STAIRDANCE
 27312 | Swamp:2  | 27312 ||| INVOKING Heroism.
 27455 | Swamp:3  | 27455 ||| INVOKING Heroism.
 27457 | Swamp:3  | 27457 ||| SWAPPING to +11 hand axe of Awash {flame, rPois
                  | rN+++ Will- Str-5}.
 27465 | Swamp:3  | 27465 ||| SWAPPING to +7 war axe of venom.
 27657 | Swamp:3  | 27657 ||| INVOKING Heroism.
 27702 | Swamp:3  | Reached skill level 15 in Shields
 27780 | Swamp:3  | 27780 ||| INVOKING Heroism.
 27798 | Swamp:3  | Received a gift from Okawaru
 27949 | Swamp:3  | 27949 ||| INVOKING Heroism.
 28302 | Swamp:3  | 28302 ||| Stepping ~*~*~tactically~*~*~ (hiding).
 28313 | Swamp:3  | 28313 ||| INVOKING Heroism.
 28490 | Swamp:3  | 28490 ||| PLANNING SPIDER:1-3
 28619 | Spider:1 | Entered Level 1 of the Spider Nest
 28629 | Spider:1 | 28629 ||| READING scroll of enchant armour.
 28629 | Spider:1 | 28629 ||| ENCHANTING +0 helmet.
 28642 | Spider:1 | 28642 ||| INVOKING Heroism.
 28733 | Spider:1 | 28733 ||| INVOKING Heroism.
 28733 | Spider:1 | Received a gift from Okawaru
 29017 | Spider:1 | Noticed Nikola
 29018 | Spider:1 | 29018 ||| Stepping ~*~*~tactically~*~*~ (hiding).
 29022 | Spider:1 | 29022 ||| INVOKING Heroism.
 29023 | Spider:1 | 29023 ||| INVOKING Finesse.
 29041 | Spider:1 | Killed Nikola
 29047 | Spider:1 | 29047 ||| Stepping ~*~*~tactically~*~*~ (hiding).
 29048 | Spider:1 | 29048 ||| Stepping ~*~*~tactically~*~*~ (hiding).
 29292 | Spider:1 | 29292 ||| Stepping ~*~*~tactically~*~*~ (stealth).
 29338 | Spider:1 | 29338 ||| Stepping ~*~*~tactically~*~*~ (stealth).
 29340 | Spider:1 | 29340 ||| INVOKING Finesse.
 29348 | Spider:1 | Received a gift from Okawaru
 29643 | Spider:1 | 29643 ||| UPGRADING to +1 cloak of poison resistance.
 29653 | Spider:1 | 29653 ||| DROPPING +0 cloak.
 29654 | Spider:1 | 29654 ||| UPGRADING to +2 pair of boots of rampaging.
 29664 | Spider:1 | 29664 ||| DROPPING +0 pair of boots.
 29696 | Spider:2 | 29696 ||| INVOKING Heroism.
 29697 | Spider:2 | 29697 ||| STAIRDANCE
 29739 | Spider:2 | 29739 ||| STAIRDANCE
 29741 | Spider:1 | 29741 ||| INVOKING Heroism.
 29907 | Spider:2 | 29907 ||| INVOKING Heroism.
 29908 | Spider:2 | 29908 ||| INVOKING Finesse.
 29942 | Spider:2 | 29942 ||| STAIRDANCE
 29969 | Spider:2 | 29969 ||| INVOKING Heroism.
 29974 | Spider:2 | 29974 ||| DRINKING 10 potions of curing.
 29974 | Spider:2 | 29974 ||| (to cure confusion)
 29986 | Spider:2 | 29986 ||| Stepping ~*~*~tactically~*~*~ (stealth).
 30000 | Spider:2 | 30000 ||| INVOKING Heroism.
 30069 | Spider:2 | 30069 ||| INVOKING Heroism.
 30208 | Spider:2 | Reached XP level 18. HP: 120/120 MP: 25/25
 30208 | Spider:2 | 30208 ||| DROPPING +11 hand axe of Awash {flame, rPois
                  | rN+++ Will- Str-5}.
 30433 | Spider:2 | 30433 ||| INVOKING Finesse.
 30719 | Spider:3 | 30719 ||| INVOKING Heroism.
 30737 | Spider:3 | Noticed Bai Suzhen
 30756 | Spider:3 | HP: 23/122 [ten-headed hydra[Bai Suzhen] (8)]
 30757 | Spider:3 | 30757 ||| READING 12 scrolls of teleportation.
 30757 | Spider:3 | HP: 8/122 [ten-headed hydra[Bai Suzhen] (5)]
 30757 | Spider:3 | HP: 3/122 [steelbarb worm (3)]
 30757 | Spider:3 | Mangled by a ten-headed hydra

Levels and vault maps discovered:
D:1:      dpeg_arrival_tiny_a, layout_loops_ring,
          dreamdust_ecumenical_altar_angels_and_demons
D:2:      layout_rooms, dk_vineyard_1, chequers_serial_rivers_marsh,
          minmay_box_of_dots, uniq_robin
D:3:      layout_loops_ring, serial_shops, nicolae_shop_bloodbath_and_beyond,
          nrook_loot_triangle, minmay_ruptured
D:4:      layout_cave_pools
D:5:      layout_basic
D:6:      layout_gridville
D:7:      layout_cave_pools, grunt_temple_overflow_open,
          minmay_temple_entry_wispy, kennysheep_path_1
D:8:      layout_loops_ring, dpeg_lair_monsters,
          hangedman_abyss_or_decor_passed,
          nicolae_concentric_dashed_squares_wild, minmay_misc_feat_hallway,
          uniq_maurice
D:9:      minmay_razor_zed, layout_stronghold
D:10:     layout_loops_ring, nicolae_overflow_hallway_of_the_gods,
          mainiacjoe_overflow_chevrons, lemuel_round_altar, fungi_pond_lemuel,
          hangedman_weighted_door, bh_hangedman_babel_library
D:11:     layout_cave_pods
D:12:     layout_roguey, david_orc_1_choice, uniq_josephine
D:13:     layout_cave_pods, gammafunk_ghost_spectres
D:14:     minmay_twisted_water, layout_long_grid, grunt_vaults_entry_fortified,
          nicolae_qazlal_style_of_elements, minmay_misc_feat_square,
          nicolae_vehumet_radiance
D:15:     hangedman_depths_entry_try_elsewhere_first, layout_loops_ring,
          doesnt_xom_only_xom, uniq_azrael, uniq_rupert
Temple:   dpeg_chambers_temple
Lair:1:   layout_concentric_octagons, nzn_masters_of_martial_movement,
          grunt_megastairs_3, infiniplex_staircase_pool, uniq_nergalle,
          uniq_amaemon
Lair:2:   layout_small_grid, palyth_hydra_swamp_entry,
          spider_nest_entry_funnel_web
Lair:3:   layout_misc_corridors
Lair:4:   layout_long_grid, minmay_slime_entry_oklob_enclosed,
          serial_bayou_shore_b
Lair:5:   due_jungle_book, layout_layer_cave, gauntlet_entry_generic,
          dreamdust_wasp_nest, lemuel_fruit_tree
Swamp:1:  layout_basic_swamp, nicolae_swamp_very_dense_foliage
Swamp:2:  layout_falls_marsh, evilmike_swamp_ruin_wall, swamp_pool1,
          nicolae_swamp_godswood, uniq_roxanne
Swamp:3:  nicolae_swamp_ascending_descending_big, layout_basic_swamp,
          evilmike_swamp_ruin_rubble_1, swamp_pool1
Spider:1: layout_spider_delve, hangedman_spider_tarantella_strand, uniq_nikola
Spider:2: layout_spider_delve
Spider:3: layout_cave_pods, uniq_bai_suzhen, uniq_asterion
Orc:1:    nicolae_orc_accident_2, layout_caves, portal_ice_cave_entry_pillars_1,
          serial_shops, shop, enter_volcano_1, nicolae_orc_damp_corner
Orc:2:    st_orc_ogre_mass, layout_diamond_mine, uniq_nessos

Skill      XL: |  1  2  3  4  5  6  7  8  9 10 11 12 13 14 15 16 17 |
---------------+----------------------------------------------------+-----
Axes           | 2 3 4 5 6 7 8 10 11 12 14 15 16 | 16.0
Fighting       | 4 5 6 7 9 10 11 12 14 15 16 | 16.6
Armour         | 4 5 7 8 9 10 12 14 16 | 16.0
Dodging        | 1 2 3 4 |  4.0
Throwing       | 1 2 6 7 |  7.0
Shields        | 4 5 6 7 8 9 14 15 | 15.0
Invocations    | 4 9 10 | 10.0

Action                   |  1- 3 |  4- 6 |  7- 9 | 10-12 | 13-15 | 16-18 || total
-------------------------+-------+-------+-------+-------+-------+-------++-------
Melee: War axe           |    71 |    60 |   177 |   354 |   885 |   784 ||  2331
       Morningstar       |       |       |       |     9 |       |       ||     9
       Demon whip        |       |       |       |       |    22 |       ||    22
       Hand axe          |       |       |       |       |    31 |    39 ||    70
Throw: Boomerang         |       |    26 |    59 |    67 |   207 |    89 ||   448
       Javelin           |       |       |       |       |    10 |    72 ||    82
Invok: Heroism           |       |       |       |     9 |    52 |    48 ||   109
       Finesse           |       |       |       |       |    13 |     8 ||    21
  Use: Scroll            |     6 |     9 |     7 |    10 |     6 |     3 ||    41
       Potion            |     1 |     1 |     1 |     3 |     1 |     1 ||     8
Armor: Scale mail        |    30 |     7 |       |       |       |       ||    37
       Plate armour      |       |    13 |    66 |   165 |   325 |   340 ||   909
Dodge: Dodged            |    40 |    29 |    57 |   144 |   300 |   256 ||   826
Block: Buckler           |    10 |    15 |    61 |   178 |   325 |    24 ||   613
       Reflection        |       |       |     4 |     7 |    17 |    28 ||    56
       Kite shield       |       |       |       |       |       |   508 ||   508

Table legend:
 A = Non-vault XP
 B = Vault XP
 C = Vault XP percentage of total XP
 D = Non-vault monster count
 E = Vault monster count
 F = Vault count percentage of total count
                 A         B        C        D         E       F
            +---------+---------+-------+---------+---------+-------
      Total |  170136 |   80340 |  32.1 |     670 |     205 |  23.4
            +---------+---------+-------+---------+---------+-------
        D:1 |       7 |       0 |   0.0 |       6 |       0 |   0.0
        D:2 |      67 |      52 |  43.7 |      21 |      14 |  40.0
        D:3 |      48 |       4 |   7.7 |      12 |       3 |  20.0
        D:4 |     635 |       0 |   0.0 |      19 |       0 |   0.0
        D:5 |    1209 |       0 |   0.0 |      30 |       0 |   0.0
        D:6 |     698 |       0 |   0.0 |      18 |       0 |   0.0
        D:7 |    1672 |    1606 |  49.0 |      32 |       2 |   5.9
        D:8 |    1575 |    1221 |  43.7 |      28 |       2 |   6.7
        D:9 |    2265 |    1927 |  46.0 |      26 |      14 |  35.0
       D:10 |     898 |    2867 |  76.1 |       5 |       7 |  58.3
       D:11 |    2928 |    1200 |  29.1 |      14 |       2 |  12.5
       D:12 |    4344 |    2169 |  33.3 |       9 |      13 |  59.1
       D:13 |    2816 |       0 |   0.0 |       9 |       0 |   0.0
       D:14 |    6899 |   10665 |  60.7 |      21 |      29 |  58.0
       D:15 |   13560 |    6848 |  33.6 |      33 |      13 |  28.3
     Lair:1 |    7490 |    2819 |  27.3 |      26 |       4 |  13.3
     Lair:2 |   12933 |    5135 |  28.4 |      34 |      11 |  24.4
     Lair:3 |    9117 |       0 |   0.0 |      31 |       0 |   0.0
     Lair:4 |    8514 |     557 |   6.1 |      31 |       1 |   3.1
     Lair:5 |   20197 |   19485 |  49.1 |      65 |      43 |  39.8
    Swamp:1 |   16087 |       0 |   0.0 |      32 |       0 |   0.0
    Swamp:2 |   12256 |    1389 |  10.2 |      19 |       1 |   5.0
    Swamp:3 |   13213 |       0 |   0.0 |      21 |       0 |   0.0
   Spider:1 |   10046 |    2672 |  21.0 |      26 |       2 |   7.1
   Spider:2 |   13629 |       0 |   0.0 |      39 |       0 |   0.0
   Spider:3 |    2558 |       0 |   0.0 |       7 |       0 |   0.0
      Orc:1 |    1875 |    1337 |  41.6 |      22 |       5 |  18.5
      Orc:2 |    2600 |   18387 |  87.6 |      34 |      39 |  53.4
            +---------+---------+-------+---------+---------+-------
